 Dungeon Crawl Stone Soup version 0.29.1-1-gd02db6906a (webtiles) character file.

Game seed: 16324957305858301621

9 Kold the Trooper (level 2, 2/24 HPs)
             Began as a Demonspawn Cinder Acolyte on Oct 19, 2022.
             Was a High Priest of Ignis.
             Quit the game on level 1 of the Dungeon.
             The game lasted 00:00:29 (382 turns).

Kold the Trooper (Demonspawn Cinder Acolyte)         Turns: 382, Time: 00:00:30

Health: 2/24       AC:  9    Str: 14    XL:     2   Next: 3%
Magic:  3/3        EV: 11    Int: 15    God:    Ignis [*****.]
Gold:   30         SH:  0    Dex:  8    Spells: 3/3 levels left

rFire   + . .      SeeInvis .     - Unarmed
rCold   . . .      Faith    .   (no shield)
rNeg    . . .      Spirit   .   a - +0 robe
rPois   .          Reflect  .   (no helmet)
rElec   .          Harm     .   (no cloak)
rCorr   .          Rampage  .   (no gloves)
Will    .....                   (no boots)
Stlth   +.........              (no amulet)
HPRegen 0.08/turn               (no ring)
MPRegen 0.08/turn               (no ring)

@: fiery-armoured
A: powered by pain 1
a: Renounce Religion, Fiery Armour, Foxfire Swarm, Rising Flame


You were on level 1 of the Dungeon.
You worshipped Ignis.
Ignis was extremely pleased with you.
You visited 1 branch of the dungeon, and saw 1 of its levels.

You collected 30 gold pieces.

Inventory:

Armour
 a - a +0 robe (worn)
Scrolls
 b - a scroll of enchant weapon {unknown}
 d - a scroll of identify {unknown}
Potions
 c - a potion of heal wounds {unknown}


   Skills:
 + Level 3.1 Fighting
 + Level 2.8 Unarmed Combat
 + Level 1.2 Spellcasting
 + Level 2.8 Fire Magic


You had 3 spell levels left.
You didn't know any spells.
Your spell library contained the following spells:

 Spells                   Type           Power      Damage    Failure   Level
 Scorch                   Fire           18%        2d5       11%         2


Dungeon Overview and Level Annotations

Branches:
Dungeon (1/15)

Altars:


Innate Abilities, Weirdness & Mutations

You sometimes gain a little power by taking damage.


Message History

The hobgoblin attacks as you move away! The hobgoblin hits you.
* * * LOW HITPOINT WARNING * * *
The bat closely misses you. The bat hits you but does no damage.
The bat barely misses you.
A protective cloak of flame settles atop you.
The bat barely misses you. The bat hits you.
* * * LOW HITPOINT WARNING * * *
The bat is burned by your cloak of flames.
The bat is moderately wounded.
The hobgoblin barely misses you.
You hit the hobgoblin but do no damage. The bat hits you but does no damage.
The bat is burned by your cloak of flames.
You kill the bat!
The bat barely misses you. The hobgoblin completely misses you.
You hit the hobgoblin.
The hobgoblin is moderately wounded.
The bat hits you.
* * * LOW HITPOINT WARNING * * *
The bat is burned by your cloak of flames.
The bat is severely wounded.
The bat hits you but does no damage.
The bat is burned by your cloak of flames.
You kill the bat!
The hobgoblin hits you but does no damage.
The hobgoblin is burned by your cloak of flames.
The hobgoblin is severely wounded.
You barely miss the hobgoblin.
The hobgoblin is severely wounded.
The hobgoblin barely misses you.
Activating: Foxfire Swarm
Press: ? - help, Dir - look around, f - activate Flames leap up around you!
The hobgoblin closely misses you.
Your foxfire dissipates!
The foxfire hits the hobgoblin.
You kill the hobgoblin!
You have reached level 2!
Your demonic ancestry asserts itself...
You feel energised by your suffering.
You see here a bat corpse.
Are you sure you want to abandon this character and quit the game? (Confirm with "yes".)

..........#
............#
............#
........v[.v#
........§..§#
......§.§§§§#
.....§v§§§§§#
....v.§§v@§§#
...v§§§v§vvv#
#######v######
# #v§.....# ##
#.......# ##)
#.......# .#8.
#.......# ....
#.......######
#8.
#####........#
.##.


There were no monsters in sight!

Vanquished Creatures
  3 goblins (D:1)
  2 hobgoblins (D:1)
  2 bats (D:1)
  A rat (D:1)
8 creatures vanquished.

Vanquished Creatures (others)
  A foxfire (D:1)
1 creature vanquished.

Grand Total: 9 creatures vanquished

Notes
Turn   | Place    | Note
-------+----------+-------------------------------------------
     0 | D:1      | Kold the Demonspawn Cinder Acolyte began the quest for the
                  | Orb.
     0 | D:1      | Reached XP level 1. HP: 18/18 MP: 2/2
   382 | D:1      | Gained mutation: You sometimes gain a little power by
                  | taking damage. [demonic ancestry]
   382 | D:1      | Reached XP level 2. HP: 2/24 MP: 3/3
   382 | D:1      | Quit the game

Illustrated notes

Levels and vault maps discovered:
D:1:      erik_arrival_orb_chamber, layout_basic,
          shapermc_ecumenical_altar_ellora, minivault_24, minmay_ruptured

Action                   || total
-------------------------++-------
Melee: Unarmed           ||    28
       Punch             ||     1
Invok: Foxfire Swarm     ||     1
       Fiery Armour      ||     1
Armor: Robe              ||    12
Dodge: Dodged            ||    47
